 Dungeon Crawl Stone Soup version 0.31.0-11-ge490571c62 (webtiles) character file.

Game seed: 12662470597313644717

137129 ces the Marksspriggan (level 16, -2/87 HPs)
             Began as a Spriggan Hunter on Feb 3, 2024.
             Was an Initiate of Gozag.
             Slain by a +3 dire flail of protection (20 damage)
             ... on level 2 of the Elven Halls on Feb 4, 2024.
             The game lasted 02:05:57 (49124 turns).

ces the Marksspriggan (Spriggan Hunter)            Turns: 49124, Time: 02:05:57

Health: -2/87      AC:  8    Str:  6    XL:     16   Next: 68%
Magic:  7/19       EV: 48    Int: 21    God:    Gozag
Gold:   515        SH:  0    Dex: 20    Spells: 5/21 levels left

rFire   + + .        b - +1 arbalest (heavy)
rCold   + + +        (shield currently unavailable)
rNeg    + + +        I - +2 robe "Kiudoegh" {Int+5}
rPois   +            u - +2 hat
rElec   +            U - scarf {rC+ rF+}
rCorr   +            (gloves unavailable)
SInv    +            (boots unavailable)
Will    +++..        d - amulet "Otounarr" {Acrobat rPois rC+ rN+++ Dex-4}
Stlth   ++++++       h - ring of poison resistance
HPRegen 0.34/turn    q - ring of resist corrosion
MPRegen 0.16/turn

%: random rage (3%), acrobat
@: mighty, resistant, on berserk cooldown, acrobatic, enlightened, flying,
slowed, studying Translocations, quick
A: very small, no large weapons, unfitting armour, see invisible, speed 3,
iridescent scales 1, berserk 1, clever 1, low MP 1
a: Renounce Religion, Potion Petition, Call Merchant, Bribe Branch


You were on level 2 of the Elven Halls.
You worshipped Gozag.
Gozag was pleased with you.
You visited 9 branches of the dungeon, and saw 31 of its levels.
You also visited: Sewer.

You collected 8957 gold pieces.
You spent 2948 gold pieces at shops.
You paid 5494 gold pieces to Gozag.

Inventory:

Hand Weapons
 a - the +5 shortbow of the Onslaught {freeze, Str+3 Dex+3}
   (You bought it in a shop on level 11 of the Dungeon)

   Str+3:     It affects your strength (+3).
   Dex+3:     It affects your dexterity (+3).
 b - a +1 heavy arbalest (weapon)
 y - a +0 arbalest
Missiles
 g - 2 throwing nets
Armour
 u - a +2 hat (worn)
 I - the +2 robe "Kiudoegh" (worn) {Int+5}
   (You found it on level 4 of the Lair of Beasts)

   Int+5:     It affects your intelligence (+5).
 M - a scarf of repulsion
 U - a scarf of resistance (worn)
Jewellery
 d - the amulet "Otounarr" (around neck) {Acrobat rPois rC+ rN+++ Dex-4}
   (You bought it in a shop on level 1 of the Elven Halls)

   [amulet of the acrobat]

   Acrobat:   It increases your evasion while moving and waiting.
   Dex-4:     It affects your dexterity (-4).
   rC+:       It protects you from cold.
   rPois:     It protects you from poison rN+++: It renders you almost immune to
   negative energy.
 h - a ring of poison resistance (left hand)
 o - a ring of fire
 q - a ring of resist corrosion (right hand)
 w - an amulet of the acrobat
 E - a ring of positive energy
 P - a ring of willpower
 T - a ring of protection from fire
 W - a ring of ice
Wands
 c - a wand of polymorph (2)
 A - a wand of paralysis (1)
 C - a wand of flame (30)
 F - a wand of digging (6)
 S - a wand of iceblast (15)
 Y - a wand of acid (12)
 Z - a wand of mindburst (8)
Scrolls
 f - 3 scrolls of silence
 i - 10 scrolls of teleportation
 k - a scroll of butterflies
 t - 2 scrolls of enchant armour
 v - 3 scrolls of noise
 z - 7 scrolls of fog
 B - 3 scrolls of amnesia
 D - 3 scrolls of identify
 G - 3 scrolls of vulnerability
 H - 2 scrolls of torment
 K - 3 scrolls of immolation
 R - a scroll of revelation
Potions
 e - 7 potions of brilliance
 l - 5 potions of lignification
 m - 3 potions of attraction
 n - 7 potions of curing
 r - 2 potions of might
 s - 2 potions of berserk rage
 x - 3 potions of enlightenment
 O - 6 potions of haste
 Q - a potion of resistance
 V - a potion of magic
Miscellaneous
 X - a lightning rod (4/4)


   Skills:
 + Level 11.2 Fighting
 * Level 20.9 Ranged Weapons
 + Level 18.2 Dodging
 - Level 13.0 Stealth
 - Level 3.0 Spellcasting
 - Level 6.3 Hexes
 - Level 12.5 Translocations
 + Level 3.0 Evocations


You had 5 spell levels left.
You knew the following spells:

 Your Spells              Type           Power      Damage    Failure   Level
a - Apportation           Tloc           100%       N/A       1%          1
b - Gell's Gravitas       Tloc           54%        N/A       1%          3
c - Teleport Other        Tloc           54%        N/A       1%          3
d - Lesser Beckoning      Tloc           100%       N/A       1%          2
e - Dimensional Bullseye  Hex/Tloc       21%        N/A       2%          4
f - Sigil of Binding      Hex            29%        N/A       3%          3

Your spell library contained the following spells:

 Spells                   Type           Power      Damage    Failure   Level
 Jinxbite                 Hex            58%        N/A       1%          2
 Vhi's Electric Charge    Tloc/Air       58%        N/A       10%         4
 Necrotise                Necr           12%        1d4       13%         1
 Sandblast                Erth           6%         2d5       13%         1
 Mercury Vapours          Alch/Air       6%         N/A       21%         2
 Scorch                   Fire           6%         2d5       21%         2
 Call Canine Familiar     Summ           3%         N/A       36%         3
 Hailstorm                Conj/Ice       3%         3d5       36%         3
 Summon Ice Beast         Ice/Summ       3%         N/A       36%         3
 Vampiric Draining        Necr           3%         2d6       36%         3
 Flame Wave               Conj/Fire      3%         2d5       78%         4
 Martyr's Knell           Necr/Summ      3%         N/A       78%         4
 Olgreb's Toxic Radiance  Alch           3%         N/A       78%         4
 Alistair's Intoxication  Alch           2%         N/A       98%         5
 Arcjolt                  Conj/Air       1%         1d11      98%         5
 Borgnjor's Vile Clutch   Necr/Erth      1%         N/A       98%         5
 Curse of Agony           Necr           3%         N/A       98%         5
 Sculpt Simulacrum        Ice/Alch       1%         N/A       100%        6
 Summon Cactus Giant      Summ           1%         N/A       100%        6
 Ozocubu's Refrigeration  Ice            1%         4d7       100%        7
 Discord                  Hex            14%        N/A       100%        8
 Maxwell's Capacitive Co  Air            1%         ∞         100%        8


Dungeon Overview and Level Annotations

Branches:
Dungeon (15/15)            Temple (1/1) D:7            Lair (5/5) D:10
  Swamp (1/4) Lair:2        Snake (3/4) Lair:3        Slime (1/5) Lair:4
    Orc (2/2) D:11            Elf (2/3) Orc:2        Vaults (0/5) D:14
 Depths (1/4) D:15          Sewer (visited)

Altars:
Ashenzari
Cheibriados
Dithmenos
Elyvilon
Fedhas
Gozag
Hepliaklqana
Kikubaaqudgha
Makhleb
Nemelex Xobeh
Okawaru
Qazlal
Ru
Sif Muna
Trog
Uskayaw
Vehumet
Wu Jian
Xom
Yredelemnul
Zin
The Shining One

Shops:
D:6 (   D:11 :([   D:15 *   Orc:2 :(?:   Elf:1 :==*   Lair:3 =

Annotations:
D:4 Duvessa
D:7 Jeremiah
Lair:3 exclusion: oklob plant
Swamp:1 1 transporter, Roxanne; rozman's ghost, journeyman MiMo
Snake:2 Asterion
Depths:1 Bai Suzhen


Innate Abilities, Weirdness & Mutations

You are very small and have problems with some larger weapons.
You are too small for most types of armour.
You have supernaturally acute eyesight. (SInv)
You cover ground extremely quickly. (Speed+++)
You are partially covered in iridescent scales. (AC +2)
You sometimes lose your temper in combat.
Your mind is acute. (Int +4, Str/Dex -1)
Your magical capacity is low. (-10% MP)


Message History

You are no longer berserk.
You are exhausted.
You feel yourself slow down.
The +3 dire flail of protection misses you.
You cannot move.
Casting: Dimensional Bullseye (dangerous; 2% risk of failure)
Confirm with . or Enter, or press ? or * to list all spells.
Aiming: Gell's Gravitas (safe; 1% risk of failure)
Press: ? - help, Dir - move target, p - +3 dire flail of protection Gravity reorients around empty space.
The +3 dire flail of protection hits you!!
* * * LOW HITPOINT WARNING * * *
[a] - 290 gold - resistance [b] - 437 gold - resistance, might and enlightenment [c] - 406 gold - haste and brilliance Purchase which effect?
You no longer have enough gold to fund merchants seeking to open stores in the dungeon.
You feel protected.
You feel very mighty all of a sudden.
You feel very buoyant.
You fly up into the air.
The +3 dire flail of protection barely misses you.
The +3 dire flail of protection misses you. x2 [a] - 230 gold - heal wounds and berserk rage [b] - 924 gold - haste, enlightenment, resistance and invisibility [c] - 784 gold - lignification, might, resistance, curing and magic Purchase which effect? [a] - 230 gold - heal wounds and berserk rage [b] - 924 gold - haste, enlightenment, resistance and invisibility [c] - 784 gold - lignification, might, resistance, curing and magic Purchase which effect?
You feel much better.
You're still recovering from your berserk rage.
You are no longer robbed of momentum.
The +3 dire flail of protection hits you!!
* * * LOW HITPOINT WARNING * * *
The +3 dire flail of protection completely misses you.
The +3 dire flail of protection attacks as it pursues you!
The +3 dire flail of protection hits you!!
You die...
Your body crumbles into a pile of gold.

. ..# .#.. #.#
.##e###...# ..####
......... #.... #......
#...# #.(.# # ##.#.# #e#
#..###..#.# .# #.#
#......#.###.#e# #.#
#.<......#.. ##(##
####@####### ##^..## #(#
#....e## ####.#
.......## ##.##.#
........####.^.#$###.###
........'.(e............
........####....####....
.......## ##.#.# ##
#.....## ###.#


You could see a deep elf zephyrmancer (asleep) and a +3 dire flail of
protection.

Vanquished Creatures
  Donald (Elf:1)
  3 nagarajas (Snake:2)
  2 deep elf sorcerers
  A very ugly thing (D:14)
  A deep elf annihilator (Elf:1)
  The ghost of Sijidghir the Ripper, a journeyman FeBe of Trog (Lair:3)
  A vault guard (D:14)
  An ironbound frostheart (D:14)
  2 peacekeepers (Elf:1)
  A hydra (Lair:5)
  The ghost of Sammaje the Cleaver, a novice MiBe of Trog (Lair:1)
  2 alligators (Swamp:1)
  6 anacondas
  3 centaur warriors
  11 naga warriors
  16 death yaks
  5 two-headed ogres
  3 boulder beetles
  A tengu warrior (D:13)
  6 naga sharpshooters
  2 dancing weapons
  2 shock serpents
  A deep elf knight (Elf:2)
  3 skeletal warriors (D:13)
  A salamander mystic (Snake:2)
  6 mana vipers
  4 skysharks
  A glowing orange brain (D:15)
  A glowing orange brain (shapeshifter) (D:15)
  4 naga ritualists
  An arcanist (Elf:1)
  Pikel (D:5)
  3 orc knights
  2 bog bodies (Lair:2)
  5 deep elf zephyrmancers
  6 deep elf pyromancers
  7 manticores
  11 ugly things
  2 cyclopes
  22 elephants
  9 salamanders
  An oklob plant (Lair:3)
  6 kobold blastminers
  6 naga magi
  2 orange demons (Orc:1)
  21 black mambas
  2 gargoyles (D:13)
  3 guardian serpents (Snake:2)
  11 cane toads
  5 rime drakes
  6 komodo dragons
  A komodo dragon (shapeshifter) (D:8)
  An efreet (D:13)
  5 kobold demonologists
  A merfolk (D:12)
  8 trolls
  A tarantella (shapeshifter) (D:14)
  A hornet (D:8)
  Grinder (D:5)
  A tyrant leech (Lair:5)
  A wolf spider simulacrum (D:15)
  17 blink frogs
  14 dream sheep (Lair:5)
  A shadow (D:11)
  10 slime creatures
  2 water elementals (D:14)
  2 wraiths
  40 yaks
  2 wyverns
  6 basilisks
  A fire bat (Lair:2)
  4 humans (D:14)
  3 wargs
  2 swamp worms (Swamp:1)
  5 vampire mosquitoes
  13 nagas
  2 acid dragons
  12 water moccasins
  34 orc warriors
  2 black bears (D:6)
  An ice beast (D:7)
  A swamp drake (Swamp:1)
  A sky beast (D:4)
  A boggart (Elf:1)
  22 centaurs
  4 lemures
  2 phantoms (D:6)
  9 wolves
  6 kobold brigands
  26 bullfrogs
  A bullfrog (shapeshifter) (D:15)
  A gnoll sergeant (D:6)
  7 scorpions
  3 cane toad simulacra (Lair:1)
  Dowan (D:4)
  5 howler monkeys
  6 electric eels
  A rime drake simulacrum (Lair:1)
  5 bombardier beetles
  4 lava snakes
  2 komodo dragon simulacra (Lair:1)
  A hound (D:6)
  22 orc priests
  3 sleepcaps
  Natasha (thrice) (D:3)
  5 iguanas
  26 orc wizards
  A yak simulacrum (Lair:1)
  A bullfrog simulacrum (Lair:1)
  16 adders
  12 gnolls
  6 river rats
  2 shadow imps
  A white imp (D:8)
  2 ribbon worms (D:6)
  3 dart slugs
  103 orcs
  A bat (D:6)
  3 endoplasms
  3 giant cockroaches
  11 goblins
  5 hobgoblins
  10 jackals
  7 quokkas
  12 ball pythons
  7 frilled lizards
  15 kobolds
  20 rats
828 creatures vanquished.

Vanquished Creatures (others)
  An orc warrior (Orc:2)
  An orc wizard (Orc:1)
  3 orcs (Orc:2)
5 creatures vanquished.

Grand Total: 833 creatures vanquished

Notes
Turn   | Place    | Note
-------+----------+-------------------------------------------
     0 | D:1      | ces the Spriggan Hunter began the quest for the Orb.
     0 | D:1      | Reached XP level 1. HP: 10/10 MP: 2/2
   309 | D:2      | Reached XP level 2. HP: 14/14 MP: 3/3
   337 | D:2      | Reached skill level 5 in Ranged Weapons
   337 | D:2      | Reached XP level 3. HP: 13/18 MP: 4/4
  1069 | D:3      | Found a hide-covered altar of Uskayaw.
  1076 | D:3      | Found a bloodstained altar of Trog.
  1078 | D:3      | Found a radiant altar of Vehumet.
  1083 | D:3      | Found a burning altar of Makhleb.
  1116 | D:3      | Noticed Natasha
  1282 | D:1      | Reached XP level 4. HP: 22/22 MP: 5/5
  1536 | D:1      | Found a faded altar of an unknown god.
  1818 | D:3      | Reached skill level 6 in Ranged Weapons
  2182 | D:3      | Killed Natasha
  2183 | D:3      | Reached XP level 5. HP: 13/25 MP: 6/6
  2190 | D:3      | Noticed Natasha
  2345 | D:3      | Killed Natasha
  2830 | D:3      | Noticed Natasha
  2840 | D:3      | Killed Natasha
  2894 | D:4      | Noticed a sky beast
  3233 | D:4      | Killed a sky beast
  3234 | D:4      | Reached skill level 7 in Ranged Weapons
  3234 | D:4      | Reached XP level 6. HP: 30/30 MP: 7/7
  3413 | D:4      | Found a sacrificial altar of Ru.
  3542 | D:4      | Reached skill level 8 in Ranged Weapons
  3620 | D:4      | Found a shimmering blue altar of Sif Muna.
  3711 | D:4      | Reached XP level 7. HP: 33/33 MP: 8/8
  3976 | D:4      | Reached skill level 9 in Ranged Weapons
  4336 | D:5      | Entered Level 5 of the Dungeon
  4527 | D:5      | Noticed Dowan
  4530 | D:5      | Noticed Duvessa
  4781 | D:5      | Noticed Grinder
  4803 | D:4      | Reached skill level 10 in Ranged Weapons
  5159 | D:4      | Killed Dowan
  5324 | D:5      | Noticed Pikel
  5427 | D:6      | Reached XP level 8. HP: 35/37 MP: 9/9
  5662 | D:6      | Reached skill level 11 in Ranged Weapons
  5901 | D:6      | Found a glowing drain.
  5983 | Sewer    | Entered a sewer
  6255 | Sewer    | Reached skill level 12 in Ranged Weapons
  6552 | D:6      | Reached XP level 9. HP: 37/41 MP: 10/10
  6579 | D:6      | Found Dajuleb's Antique Weapon Shoppe.
  7039 | D:6      | Reached skill level 13 in Ranged Weapons
  7202 | D:7      | Noticed a troll
  7249 | D:7      | Killed a troll
  7662 | D:7      | Reached skill level 14 in Ranged Weapons
  7725 | D:7      | Noticed Jeremiah
  7869 | D:7      | Identified the +0 ring mail of the Foremost Knaves {Harm
                  | Str+2 SInv}
  8114 | D:8      | Found a snail-covered altar of Cheibriados.
  8139 | D:8      | Noticed a komodo dragon
  8202 | D:8      | Killed a komodo dragon
  8203 | D:8      | Reached skill level 5 in Dodging
  8203 | D:8      | Reached XP level 10. HP: 47/47 MP: 11/11
  9174 | D:9      | Noticed a rust devil
  9177 | D:9      | Noticed a rust devil
  9393 | D:9      | Got the Dissertation on the Welkin and Talus
  9501 | D:9      | Reached skill level 5 in Stealth
  9690 | D:10     | Entered Level 10 of the Dungeon
  9908 | D:10     | Noticed a two-headed ogre
  9928 | D:10     | Killed a two-headed ogre
 10222 | D:10     | Found a staircase to the Lair.
 10470 | D:6      | Gained mutation: Your muscles are strong. (Str +4, Int/Dex
                  | -1) [potion of mutation]
 10470 | D:6      | Gained mutation: Your magical capacity is low. (-10% MP)
                  | [potion of mutation]
 10470 | D:6      | Gained mutation: Your mind is acute. (Int +4, Str/Dex -1)
                  | [potion of mutation]
 10804 | D:5      | Killed Grinder
 10832 | D:5      | Killed Pikel
 10833 | D:5      | Reached XP level 11. HP: 53/53 MP: 10/10
 11071 | D:7      | Found a staircase to the Ecumenical Temple.
 11884 | D:11     | Found Latue's Weapon Boutique.
 11886 | D:11     | Found a staircase to the Orcish Mines.
 12113 | D:11     | Reached skill level 10 in Dodging
 12190 | D:11     | Found Bityazea's Armour Boutique.
 12307 | Temple   | Entered the Ecumenical Temple
 12320 | Temple   | Became a worshipper of Gozag Ym Sagoz the Greedy
 12533 | D:11     | Noticed a boulder beetle
 12609 | D:11     | Noticed a two-headed ogre
 12629 | D:11     | Killed a two-headed ogre
 12917 | D:11     | Killed a boulder beetle
 12936 | D:11     | Found Buciozopp's Book Emporium.
 13106 | D:11     | Reached skill level 15 in Ranged Weapons
 13316 | D:11     | Noticed a two-headed ogre
 13325 | D:11     | Killed a two-headed ogre
 13326 | D:11     | Reached skill level 5 in Fighting
 14182 | D:12     | Noticed a two-headed ogre
 14202 | D:12     | Killed a two-headed ogre
 14268 | D:12     | Noticed a red ugly thing
 14325 | D:12     | Killed a red ugly thing
 14326 | D:12     | Reached skill level 10 in Stealth
 14392 | D:12     | Reached XP level 12. HP: 60/60 MP: 11/11
 14909 | Lair:1   | Entered Level 1 of the Lair of Beasts
 15004 | Lair:1   | Noticed a boulder beetle
 15581 | Lair:1   | Noticed a death yak
 15582 | Lair:1   | Noticed a death yak
 15623 | Lair:1   | Killed a death yak
 15636 | Lair:1   | Noticed a death yak
 15638 | Lair:1   | Noticed a death yak
 15686 | Lair:1   | Killed a death yak
 15687 | Lair:1   | Reached skill level 16 in Ranged Weapons
 15729 | Lair:1   | Killed a death yak
 15767 | Lair:1   | Noticed a death yak
 15769 | Lair:1   | Noticed a death yak
 15786 | Lair:1   | Killed a death yak
 15833 | Lair:1   | Killed a death yak
 15895 | Lair:1   | Killed a death yak
 16710 | Lair:1   | Found a runed translucent gate.
 16710 | Lair:1   | Found a runed translucent gate.
 16711 | Lair:1   | Found a runed translucent gate.
 16742 | Lair:1   | Noticed Sammaje's ghost (novice MiBe)
 16958 | Orc:1    | Entered Level 1 of the Orcish Mines
 17178 | Orc:2    | Entered Level 2 of the Orcish Mines
 17178 | Orc:2    | Found a staircase to the Elven Halls.
 19052 | Lair:2   | Reached XP level 13. HP: 56/66 MP: 12/12
 19093 | Lair:2   | Found a staircase to the Swamp.
 19308 | Lair:2   | Found a snail-covered altar of Cheibriados.
 19410 | Lair:2   | Reached skill level 17 in Ranged Weapons
 19875 | D:11     | Bought the +5 shortbow of the Onslaught {freeze, Str+3
                  | Dex+3} for 600 gold pieces
 19987 | Lair:3   | Found a large runed translucent door.
 19987 | Lair:3   | Found a large runed translucent door.
 19992 | Lair:3   | Noticed Sijidghir's ghost (journeyman FeBe)
 21641 | Lair:3   | Found a staircase to the Snake Pit.
 23290 | Lair:4   | Reached skill level 18 in Ranged Weapons
 23545 | Lair:4   | Found a staircase to the Slime Pits.
 23657 | Lair:4   | Identified the +2 robe "Kiudoegh" {Int+5}
 23685 | Lair:4   | Identified 3 scrolls of acquirement
 23685 | Lair:4   | Acquired a manual of Translocations
 23952 | Lair:5   | Entered Level 5 of the Lair of Beasts
 24050 | Lair:5   | Reached skill level 1 in Translocations
 24798 | Lair:4   | Reached XP level 14. HP: 66/74 MP: 13/13
 25003 | Lair:4   | Learned a level 1 spell: Apportation
 25007 | Lair:4   | Learned a level 3 spell: Gell's Gravitas
 25011 | Lair:4   | Learned a level 3 spell: Teleport Other
 25014 | Lair:4   | Learned a level 2 spell: Lesser Beckoning
 25395 | Lair:4   | Reached skill level 5 in Translocations
 25417 | Lair:4   | Reached skill level 1 in Spellcasting
 27300 | Swamp:1  | Entered Level 1 of the Swamp
 27548 | Swamp:1  | Reached skill level 15 in Dodging
 27611 | Swamp:1  | Found an iron altar of Okawaru.
 27644 | Swamp:1  | Found a transporter.
 27647 | Swamp:1  | Noticed rozman's ghost (journeyman MiMo)
 27668 | Swamp:1  | Noticed Roxanne
 27750 | Snake:1  | Entered Level 1 of the Snake Pit
 27849 | Snake:1  | Acquired 1000 gold pieces
 27851 | Snake:1  | Acquired a +0 heavy arbalest
 28528 | Snake:1  | Reached skill level 19 in Ranged Weapons
 30128 | Snake:1  | Lost mutation: Your magical capacity is low. (-10% MP)
                  | [potion of mutation]
 30128 | Snake:1  | Lost mutation: Your muscles are strong. (Str +4, Int/Dex
                  | -1) [potion of mutation]
 30128 | Snake:1  | Gained mutation: Your magical capacity is low. (-10% MP)
                  | [potion of mutation]
 30128 | Snake:1  | Gained mutation: You sometimes lose your temper in combat.
                  | [potion of mutation]
 30128 | Snake:1  | Gained mutation: You are partially covered in iridescent
                  | scales. (AC +2) [potion of mutation]
 31449 | Snake:1  | Reached XP level 15. HP: 79/79 MP: 18/18
 33257 | Slime:1  | Entered Level 1 of the Pits of Slime
 33598 | Snake:2  | Identified the +7 quarterstaff of the Singing Sybil {venom,
                  | rN+}
 37180 | Orc:2    | Reached skill level 10 in Fighting
 37941 | Orc:2    | Found Kyoqoubo's Magic Scroll Boutique.
 37941 | Orc:2    | Found Qatwunen's Antique Weapon Shoppe.
 37943 | Orc:2    | Found Pihuarcho's Book Emporium.
 37946 | Orc:2    | Found Obaemyda's Book Shop.
 37950 | Orc:2    | Bought a scroll of butterflies for 56 gold pieces
 37950 | Orc:2    | Bought a scroll of teleportation for 42 gold pieces
 37950 | Orc:2    | Bought a scroll of identify for 28 gold pieces
 37963 | Orc:2    | Learned a level 4 spell: Dimensional Bullseye
 38735 | Orc:1    | Reached skill level 1 in Hexes
 40212 | Elf:1    | Entered Level 1 of the Elven Halls
 40212 | Elf:1    | Noticed a deep elf sorcerer
 40212 | Elf:1    | Found a runed translucent gate.
 40212 | Elf:1    | Found a runed translucent gate.
 40212 | Elf:1    | Found a runed translucent gate.
 40212 | Elf:1    | Found a runed translucent gate.
 40212 | Elf:1    | Found a runed translucent gate.
 40212 | Elf:1    | Found a runed translucent gate.
 40585 | Snake:2  | Reached skill level 10 in Translocations
 41721 | Snake:2  | Noticed Asterion
 42440 | Snake:2  | Reached skill level 20 in Ranged Weapons
 42684 | Snake:2  | Noticed a nagaraja
 42689 | Snake:2  | Killed a nagaraja
 42761 | Snake:2  | Noticed a nagaraja
 42767 | Snake:2  | Killed a nagaraja
 42908 | Snake:2  | Noticed a nagaraja
 42912 | Snake:2  | Killed a nagaraja
 43487 | Lair:4   | Reached XP level 16. HP: 86/86 MP: 19/19
 44049 | Lair:1   | Killed Sammaje's ghost
 44169 | Lair:3   | Killed Sijidghir's ghost
 44206 | Lair:3   | Learned a level 3 spell: Sigil of Binding
 44401 | D:14     | Reached skill level 5 in Hexes
 45616 | D:14     | Found a gate to the Vaults.
 45658 | D:15     | Entered Level 15 of the Dungeon
 45840 | D:15     | Found Ozeefih's Elemental Accessories.
 45844 | D:15     | Bought a lightning rod (4/4) for 440 gold pieces
 45844 | D:15     | Bought a wand of iceblast (5) for 132 gold pieces
 45886 | D:15     | Identified the +5 arbalest of the Uplifting Gods {penet,
                  | rC+ Str-2 SInv}
 46598 | D:15     | Found a staircase to the Depths.
 46891 | Depths:1 | Entered Level 1 of the Depths
 46891 | Depths:1 | Noticed Bai Suzhen
 47238 | Elf:1    | Found a runed translucent door.
 47697 | Elf:1    | Found Irphev's General Store.
 47708 | Elf:1    | Bought a wand of acid (7) for 352 gold pieces
 47708 | Elf:1    | Bought a wand of acid (5) for 252 gold pieces
 47708 | Elf:1    | Bought a wand of mindburst (8) for 134 gold pieces
 47929 | Elf:1    | Noticed Donald
 47939 | Elf:1    | Killed Donald
 47940 | Elf:1    | Reached skill level 1 in Evocations
 48179 | Elf:1    | Identified the +7 morningstar "Ugot" {freeze, ^Contam Str+5
                  | Dex+4}
 48628 | Elf:1    | Found a runed translucent door.
 48949 | Elf:1    | Identified the +6 flail of Quyseiw {drain, rC- Will++ rCorr
                  | SInv}
 48957 | Elf:1    | Found Diularyxal's Jewellery Shoppe.
 48958 | Elf:1    | Found Hiraock's Book Boutique.
 48960 | Elf:1    | Found Niamautt's Jewellery Shoppe.
 48966 | Elf:1    | Bought the amulet "Otounarr" {Acrobat rPois rC+ rN+++
                  | Dex-4} for 912 gold pieces
 49124 | Elf:2    | Slain by a +3 dire flail of protection

Illustrated notes

Levels and vault maps discovered:
D:1:      scummos_arrival_simple_fountains, layout_rooms,
          chequers_ecumenical_altar_grove, minmay_misc_feat_more_columns,
          kennysheep_flooded_box, st_stairs_13, grunt_decor_one_mirror,
          chequers_serial_rivers_marsh
D:2:      layout_loops_corners
D:3:      layout_loops_cross, nicolae_overflow_macrodata_refinement,
          uniq_natasha
D:4:      layout_loops_ring, mainiacjoe_overflow_chevrons, hangedman_ru_absence,
          minivault_4, wad_rectangle_vault
D:5:      layout_cave_pools, st_stairs_12, uniq_pikel, uniq_duvessa,
          uniq_grinder
D:6:      layout_loops_ring, cheibrodos_sewer_entry_sluice, serial_shops, shop
D:7:      layout_cave_pods, minmay_temple_entry_glassed_door, uniq_jeremiah
D:8:      layout_basic, mainiacjoe_overflow_paths, minmay_microvault
D:9:      cheibrodos_iron_armory, layout_cave_pools, corexii_corridor_pit
D:10:     layout_basic, erik_lair_orcish_takeover
D:11:     layout_loops_ring, orc_david_3, serial_shops,
          nicolae_shop_window_shopping, kennysheep_diamond,
          serial_library_hellmonk_angled_corner
D:12:     layout_stronghold, hangedman_fish_farm
D:13:     layout_cave_pools
D:14:     layout_irregular_city, hellmonk_vaults_keyhole, serial_bayou_lagoon_a
D:15:     gammafunk_enter_depths_forms, layout_loops_ring, hangedman_decor_push,
          nicolae_elemental_shop
Temple:   nicolae_temple_superstar
Lair:1:   layout_cave_pods, gammafunk_ghost_icy, grunt_megastairs_2
Lair:2:   statuecave_lemuel, layout_misc_corridors, skrybe_swamp_entry_bodies,
          basic_altar, infiniplex_staircase_pool, grunt_megastairs_4,
          serial_bayou_shore_b
Lair:3:   layout_long_grid, nicolae_snake_entry_warm_welcome,
          ebering_ghost_disaster_area
Lair:4:   layout_loops_ring, dpeg_slime_entry_enclosed, minivault_19
Lair:5:   minmay_lair_end_frog_pond, layout_layer_cave, serial_bayou_shore_a,
          lemuel_fruit_tree
Swamp:1:  layout_falls_marsh, gammafunk_ghost_mausoleum, lemuel_altar_in_water,
          nicolae_swamp_fairy_circle, swamp_pool_3, hangedman_swamp_cone,
          uniq_roxanne
Snake:1:  layout_basic
Snake:2:  nicolae_cobra_stairs, layout_basic, uniq_asterion
Snake:3:  layout_honeycomb
Slime:1:  layout_caves
Orc:1:    layout_caves, einodemon_barbed_minivault
Orc:2:    st_orc_rangers, layout_caves
Elf:1:    nicolae_elf_arrival_dilemma, layout_geoelf_grid,
          portal_desolation_entry_twin_temple, serial_shops, shop,
          hangedman_elf_disciples, minmay_shop_grove, uniq_donald
Elf:2:    elven_hall_of_blades_hangedman_original [nicolae_blade_little_rooms],
          layout_loops_corners, basic_altar, nicolae_elf_glassroom_feature,
          uniq_norris
Depths:1: layout_cave_pools, ashenzari_altar_1, serial_shops,
          nicolae_shop_just_a_little_nook, shop, shop, abyss_entry, hell_entry,
          rand_demon_pan_entry_9, slow_altar_1, uniq_bai_suzhen

Skill      XL: |  1  2  3  4  5  6  7  8  9 10 11 12 13 14 15 16 |
---------------+-------------------------------------------------+-----
Ranged Weapons | 5 6 7 8 10 12 14 15 16 18 19 20 | 20.9
Dodging        | 5 9 11 12 14 15 17 18 | 18.2
Stealth        | 4 7 10 12 13 | 13.0
Fighting       | 2 4 5 6 8 9 10 11 | 11.2
Translocations | 3 9 11 12 | 12.5
Spellcasting   | 3 |  3.0
Hexes          | 4 6 |  6.3
Evocations     | 3 |  3.0

Action                     |  1- 3 |  4- 6 |  7- 9 | 10-12 | 13-15 | 16-18 || total
---------------------------+-------+-------+-------+-------+-------+-------++-------
   Fire: Shortbow          |    79 |   194 |   707 |   304 |  1040 |       ||  2324
         Orcbow            |       |       |       |   748 |    86 |       ||   834
         Arbalest          |       |       |       |       |   545 |   268 ||   813
   Cast: Teleport Other    |       |       |       |       |    10 |     1 ||    11
         Gell's Gravitas   |       |       |       |       |    16 |     2 ||    18
         Sigil of Binding  |       |       |       |       |       |     8 ||     8
         Dimensional Bulls |       |       |       |       |       |     3 ||     3
 Invoke: Potion Petition   |       |       |       |       |     7 |     3 ||    10
         Call Merchant     |       |       |       |       |     1 |       ||     1
  Evoke: Wand              |       |       |     4 |    14 |    24 |     6 ||    48
    Use: Potion            |     1 |       |       |     5 |     5 |       ||    11
         Scroll            |       |     5 |     5 |    11 |    19 |     4 ||    44
 Armour: Robe              |    14 |    12 |    64 |    59 |   203 |    31 ||   383
  Dodge: Dodged            |    33 |    37 |   121 |   168 |   989 |   145 ||  1493
         Repelled          |       |       |       |       |     5 |     1 ||     6
